 Dungeon Crawl Stone Soup version 0.23-a0-625-g1d2cd9b (webtiles) character file.

760 tilp the Chiller (level 7, -8/50 HPs)
             Began as a Merfolk Ice Elementalist on Dec 23, 2018.
             Was an Initiate of Makhleb.
             Killed by nerve-wracking pain
             ... invoked by Menkaure
              (12 damage)
             ... on level 5 of the Dungeon on Dec 24, 2018.
             The game lasted 00:18:20 (6288 turns).

tilp the Chiller (Merfolk Ice Elementalist)         Turns: 6288, Time: 00:18:21

Health: -8/50      AC:  9    Str:  8    XL:     7   Next: 80%
Magic:  8/13       EV: 14    Int: 17    God:    Makhleb [......]
Gold:   226        SH:  0    Dex: 14    Spells: 8/14 levels left

rFire    . . .     SeeInvis .   l - +2 dagger (freeze)
rCold    . . .     Gourm    .   (no shield)
rNeg     . . .     Faith    .   a - +0 robe
rPois    .         Spirit   .   p - +0 helmet
rElec    .         Reflect  .   (no cloak)
rCorr    .         Harm     .   (no gloves)
MR       .....                  (no boots)
Stlth    ++........             (no amulet)
HPRegen  0.16/turn              (no ring)
MPRegen  0.13/turn              (no ring)

@: icy armour
A: change form in water, swift swim, stealthy swim
a: Renounce Religion


You were on level 5 of the Dungeon.
You worshipped Makhleb.
Makhleb was noncommittal.
You were very hungry.

You visited 2 branches of the dungeon, and saw 6 of its levels.
You also visited: Sewer.

You collected 226 gold pieces.

Inventory:

Hand Weapons
 f - a +1 war axe of electrocution
 l - a +2 dagger of freezing (weapon)
 r - a +0 spear
 x - a +0 hand axe of flaming
Missiles
 e - 147 stones (quivered)
 j - 8 javelins
Armour
 a - a +0 robe (worn)
 p - a +0 helmet (worn)
Jewellery
 q - a +4 ring of dexterity {unknown}
 y - a cursed ring of attention {unknown}
Wands
 B - a wand of digging (4)
Scrolls
 b - a scroll of fear
 d - a scroll of fog
 g - a scroll of amnesia {unknown}
 h - a scroll of enchant armour {unknown}
 i - a scroll of magic mapping {unknown}
 s - a scroll of remove curse {unknown}
 t - a scroll of enchant weapon {unknown}
 w - a scroll of immolation {unknown}
 A - a scroll of teleportation {unknown}
Potions
 k - 2 potions of flight {unknown}
 m - 2 potions of curing
 n - 2 potions of brilliance
 o - 3 potions of heal wounds
 u - 3 potions of agility
 v - a potion of cancellation
 z - a potion of degeneration {unknown}
Comestibles
 c - 9 rations


   Skills:
 - Level 2.0 Fighting
 - Level 4.4 Dodging
 - Level 2.1 Stealth
 - Level 4.1 Spellcasting
 - Level 0.7 Conjurations
 + Level 7.8 Ice Magic


You had 8 spell levels left.
You knew the following spells:

 Your Spells              Type           Power        Failure   Level  Hunger
a - Freeze                Ice            ####         1%          1    None
b - Throw Frost           Conj/Ice       ###...       4%          2    ##.....
c - Ozocubu's Armour      Chrm/Ice       ###.....     10%         3    ###....

Your spell library contained the following spells:

 Spells                   Type           Power        Failure   Level  Hunger
 Summon Small Mammal      Summ           #...         16%         1    None
 Call Imp                 Summ           #.......     24%         2    ##.....
 Throw Icicle             Conj/Ice       ###.....     26%         4    ####...
 Summon Ice Beast         Ice/Summ       ###.....     30%         4    ####...
 Call Canine Familiar     Summ           #.......     43%         3    ###....
 Summon Guardian Golem    Hex/Summ       #.......     43%         3    ###....
 Summon Lightning Spire   Summ/Air       #.......     83%         4    ####...


Dungeon Overview and Level Annotations

Branches:
Dungeon (5/15)             Temple (1/1) D:5

Altars:
Hepliaklqana
Makhleb
Nemelex Xobeh
Qazlal
Uskayaw
Vehumet
Wu Jian
Xom
Zin
The Shining One

Annotations:
D:5 Grinder, Menkaure


Message History

Menkaure is heavily damaged.
Menkaure closely misses you.
You hit Menkaure but do no damage.
Menkaure is heavily damaged.
Menkaure completely misses you.
You hit Menkaure.
Menkaure is heavily damaged.
Menkaure points at you and mumbles some strange words.
Pain shoots through your body!
* * * LOW HITPOINT WARNING * * *
You hit Menkaure.
Menkaure is severely damaged.
Menkaure closely misses you.
You hit Menkaure.
Menkaure is severely damaged.
You hit Menkaure.
Menkaure is severely damaged.
Menkaure points at you and mumbles some strange words.
Pain shoots through your body!
You die...

........#..## #.
..........## #
..........# .#
#...>....## ####.#
..........#######.....#
......................##
...####................#
#### ##.........M......
# ##.......@....#
##.........###
#..)...#### ##...###
#.### ##.# # #..# # #..#
## #..#


You could see Menkaure.

Vanquished Creatures
  An ogre (D:2)
  A big kobold (Sewer)
  A bullfrog (D:5)
  A scorpion (D:4)
  2 orc priests (D:4)
  Terence (D:3)
  An iguana (D:5)
  3 worker ants
  3 orc wizards
  2 river rats (Sewer)
  8 adders
  A shadow imp (D:5)
  An ooze (D:3)
  An adder skeleton (D:5)
  4 worms
  2 leopard geckos (D:5)
  10 orcs
  15 giant cockroaches
  10 goblins
  10 hobgoblins
  4 jackals
  2 quokkas
  2 ball pythons
  10 bats
  5 frilled lizards
  12 kobolds
  A leopard gecko zombie (D:5)
  A quokka skeleton (D:5)
  8 rats
123 creatures vanquished.

Notes
Turn   | Place    | Note
-------+----------+-------------------------------------------
     0 | D:1      | tilp the Merfolk Ice Elementalist began the quest for the
                  | Orb.
     0 | D:1      | Reached XP level 1. HP: 13/13 MP: 3/3
   195 | D:1      | Reached XP level 2. HP: 19/19 MP: 1/5
   199 | D:1      | Learned a level 2 spell: Throw Frost
   290 | D:1      | Reached skill level 4 in Ice Magic
   576 | D:1      | Upgraded the game from 0.23-a0-622-g59b4ea9 to
                  | 0.23-a0-625-g1d2cd9b
   695 | D:1      | Reached XP level 3. HP: 20/24 MP: 3/6
   700 | D:1      | Learned a level 3 spell: Ozocubu's Armour
  1202 | D:2      | Found a shimmering altar of Xom.
  1225 | D:2      | Reached skill level 5 in Ice Magic
  1375 | D:2      | Reached XP level 4. HP: 30/30 MP: 4/7
  1417 | D:2      | Noticed an ogre
  2245 | D:3      | Noticed a phantom
  2421 | D:3      | Reached skill level 6 in Ice Magic
  2422 | D:3      | Reached XP level 5. HP: 35/35 MP: 0/8
  2522 | D:3      | Found a sparkling altar of Nemelex Xobeh.
  2707 | D:3      | Reached skill level 1 in Fighting
  2808 | D:3      | Noticed Grinder
  2808 | D:3      | Noticed Terence
  2837 | D:3      | Killed Terence
  3026 | D:3      | Paralysed by Grinder for 3 turns
  3907 | D:4      | Reached XP level 6. HP: 44/44 MP: 1/9
  4583 | D:4      | Reached XP level 7. HP: 41/50 MP: 6/13
  5259 | D:5      | Entered Level 5 of the Dungeon
  5308 | D:5      | Found a staircase to the Ecumenical Temple.
  5318 | Temple   | Entered the Ecumenical Temple
  5323 | Temple   | Became a worshipper of Makhleb the Destroyer
  5339 | D:5      | Reached skill level 7 in Ice Magic
  5507 | D:5      | Found a glowing drain.
  5571 | Sewer    | Entered a sewer
  5774 | Sewer    | Found a white marble altar of Elyvilon.
  6264 | D:5      | Noticed Menkaure
  6288 | D:5      | Killed from afar by Menkaure

Vault maps used:
D:1:      scummos_arrival_star, st_stairs_7, minmay_misc_feat_ornament
D:2:      nicolae_overflow_hidden_temple, chequers_serial_rivers_room_a,
          minmay_domino_4
D:3:      first_ration, nemelex_diamond_rough_becter, uniq_jessica,
          uniq_grinder, uniq_terence
D:4:      serial_rivers, chequers_serial_rivers_marsh,
          chequers_serial_rivers_small_b, chequers_serial_rivers_marsh,
          chequers_serial_rivers_marsh, chequers_serial_rivers_room_a,
          chequers_serial_rivers_room_a, nicolae_zen_rock_garden,
          kennysheep_generic_room_4
D:5:      minmay_temple_entry_junction_2, gup_sewer_entry_pipe, uniq_menkaure,
          uniq_eustachio
Temple:   compressed_dpeg_triangle_lava_temple
Sewer:    sewer_kobolds

Skill      XL: |  1  2  3  4  5  6  7 |
---------------+----------------------+-----
Ice Magic      | 4 5 6 7 |  7.8
Fighting       | 2 |  2.0
Dodging        | 4 |  4.4
Spellcasting   | 4 |  4.1
Stealth        | |  2.1
Conjurations   | |  0.7

Action                   |  1- 3 |  4- 6 |  7- 9 || total
-------------------------+-------+-------+-------++-------
Melee: Dagger            |    37 |   101 |   115 ||   253
       Tailslap          |       |       |     1 ||     1
Throw: Stone             |     6 |     1 |       ||     7
 Cast: Freeze            |    45 |    50 |    39 ||   134
       Throw Frost       |       |     5 |     3 ||     8
       Ozocubu's Armour  |       |     8 |     6 ||    14
  Use: Scroll            |       |       |     9 ||     9
 Stab: Sleeping          |     4 |     5 |     1 ||    10
       Distracted        |       |     1 |       ||     1
  Eat: Chunk             |     2 |    12 |     5 ||    19
Armor: Robe              |    21 |    27 |    24 ||    72
Dodge: Dodged            |    53 |    80 |    94 ||   227

Table legend:
 A = Non-vault XP
 B = Vault XP
 C = Vault XP percentage of total XP
 D = Non-vault monster count
 E = Vault monster count
 F = Vault count percentage of total count
                 A         B        C        D         E       F
            +---------+---------+-------+---------+---------+-------
      Total |     860 |     227 |  20.9 |     101 |      22 |  17.9
            +---------+---------+-------+---------+---------+-------
        D:1 |      46 |       1 |   2.1 |      30 |       1 |   3.2
        D:2 |     172 |       3 |   1.7 |      15 |       2 |  11.8
        D:3 |     143 |      36 |  20.1 |      29 |       1 |   3.3
        D:4 |     311 |      36 |  10.4 |      18 |       1 |   5.3
        D:5 |     188 |      14 |   6.9 |       9 |       6 |  40.0
      Sewer |       0 |     137 | 100.0 |       0 |      11 | 100.0
            +---------+---------+-------+---------+---------+-------
